 Dungeon Crawl Stone Soup version 0.28.0-43-g3370ac3207 (webtiles) character file.

Game seed: 11758850600894285655

3371 diana the Bewitcher (level 9, 40/40 HPs)
             Began as a Felid Enchanter on Mar 27, 2022.
             Was the Champion of Ashenzari.
             Quit the game on level 11 of the Dungeon.
             The game lasted 00:42:35 (16474 turns).

diana the Bewitcher (Felid Enchanter)              Turns: 16474, Time: 00:42:36

Health: 40/40      AC:  2    Str:  6    XL:     9   Next: 73%
Magic:  19/19      EV: 25    Int: 22    God:    Ashenzari [******]
Gold:   662        SH:  5    Dex: 16    Spells: 2/23 levels left
                                        Lives:  0   Deaths: 3

rFire   . . .      SeeInvis +     - Unarmed
rCold   + . .      Faith    .   (shield unavailable)
rNeg    . . .      Spirit   .   (armour unavailable)
rPois   .          Reflect  +   (helmet unavailable)
rElec   .          Harm     .   (cloak unavailable)
rCorr   .          Rampage  .   (gloves unavailable)
Will    +....      Clarity  +   (boots unavailable)
Stlth   ++++++....              h - amulet "Shame of Ashenzari" {Reflect SH+5, Alch, Bglg} (curse)
HPRegen 0.13/turn               b - ring "Pangnostic Omen" {Ice, Cun, Elem} (curse)
MPRegen 0.16/turn               l - ring "Bound With Me" {rF+, Elem, Self} (curse)

@: quick
A: very small, claws 1, fangs 3, see invisible, speed 1, shaggy fur 2, stealthy
paws, no weapons or thrown items, no armour, multi-lived, low MP 1, strong 1
a: Renounce Religion, Shatter the Chains


You were on level 11 of the Dungeon.
You worshipped Ashenzari.
Ashenzari was exalted by your worship.
You visited 2 branches of the dungeon, and saw 12 of its levels.
You visited the Abyss 1 time.

You collected 662 gold pieces.

Inventory:

Jewellery
 b - the cursed ring "Pangnostic Omen" (left paw) {Ice, Cun, Elem}
   (You found it on level 1 of the Dungeon)

   [ring of ice]

   It enhances your ice magic.
   rF:        It makes you vulnerable to fire.
   rC:        It protects you from cold.
   It has a curse which improves the following skills: Cunning: Dodging and
   Stealth.
   Elements:  Fire Magic, Ice Magic, Air Magic and Earth Magic.
 h - the cursed amulet "Shame of Ashenzari" (around neck) {Reflect SH+5, Alch, Bglg}
   (You found it on level 2 of the Dungeon)

   [amulet of reflection]

   It reflects blocked missile attacks.
   SH:        It affects your SH (+5).
   It has a curse which improves the following skills: Alchemy: Poison Magic and
   Transmutations.
   Beguiling: Conjurations, Hexes and Translocations.
 l - the cursed ring "Bound With Me" (right paw) {rF+, Elem, Self}
   (You found it on level 4 of the Dungeon)

   [ring of protection from fire]

   rF:        It protects you from fire.
   It has a curse which improves the following skills: Elements: Fire Magic, Ice
   Magic, Air Magic and Earth Magic.
   Introspection: Fighting and Spellcasting.
Wands
 a - a wand of polymorph (8)
 t - a wand of acid (9)
 v - a wand of iceblast (9)
 x - a wand of flame (4)
Scrolls
 c - 14 scrolls of identify
 e - 2 scrolls of noise
 f - 4 scrolls of fear
 j - 3 scrolls of immolation
 m - 2 scrolls of enchant armour
 o - a scroll of torment
 r - 3 scrolls of magic mapping
 s - 2 scrolls of vulnerability
 u - 7 scrolls of teleportation
 w - 2 scrolls of amnesia
Potions
 d - 2 potions of degeneration
 g - 3 potions of lignification
 i - 3 potions of berserk rage
 k - 2 potions of resistance
 n - 3 potions of magic
 p - 2 potions of might
 q - 4 potions of curing


   Skills:
 - Level 3.0(5.2) Fighting
 + Level 9.4(12.1) Dodging
 + Level 12.7(15.3) Stealth
 + Level 6.7 Unarmed Combat
 - Level 5.2(7.8) Spellcasting
 * Level 17.2(19.7) Hexes
 + Level 3.6(6.0) Transmutations
 - Level 2.4(5.4) Air Magic


You had 2 spell levels left.
You knew the following spells:

 Your Spells              Type           Power      Damage    Failure   Level
a - Confusing Touch       Hex            77%        N/A       0%          3
b - Ensorcelled Hibernat  Hex/Ice        100%       N/A       1%          2
c - Tukima's Dance        Hex            77%        N/A       0%          3
d - Dazzling Flash        Conj/Hex       100%       N/A       1%          3
e - Silence               Hex/Air        29%        N/A       1%          5
f - Yara's Violent Unrav  Hex/Tmut       30%        3d13      1%          5

Your spell library contained the following spells:

 Spells                   Type           Power      Damage    Failure   Level
 Alistair's Intoxication  Tmut/Pois      14%        N/A       50%         5
 Passage of Golubria      Tloc           9%         N/A       54%         4
 Animate Dead             Necr           4%         N/A       58%         4
 Borgnjor's Vile Clutch   Necr/Erth      4%         N/A       88%         5
 Agony                    Necr           8%         N/A       91%         5
 Eringya's Noxious Bog    Tmut/Pois      11%        N/A       97%         6
 Death Channel            Necr           4%         N/A       100%        6


Dungeon Overview and Level Annotations

Branches:
Dungeon (11/15)            Temple (1/1) D:6            Lair (0/6) D:10
    Orc: D:9-12

Altars:
Ashenzari
Cheibriados
Dithmenos
Elyvilon
Fedhas
Gozag
Hepliaklqana
Kikubaaqudgha
Makhleb
Nemelex Xobeh
Okawaru
Qazlal
Ru
Sif Muna
Trog
Uskayaw
Vehumet
Wu Jian
Xom
Yredelemnul
Zin
The Shining One

Shops:
D:6 ?

Annotations:
D:10 3 runed translucent doors, Galthrax's ghost, journeyman TeCj


Innate Abilities, Weirdness & Mutations

You have sharp claws.
You have razor-sharp teeth.
You have supernaturally acute eyesight. (SInv)
You cover ground quickly. (Speed+)
You are covered in thick fur. (AC +2)
Your paws help you pounce on unaware monsters.
You are incapable of wielding weapons or throwing items.
You cannot wear armour.
You gain extra lives every three experience levels.
Your magical capacity is low. (-10% MP)
Your muscles are strong. (Str +2)


Message History

You eviscerate the manticore!!!!
You kill the manticore!
You scratch the centaur warrior simulacrum.
The centaur warrior simulacrum is lightly damaged.
You block the centaur warrior simulacrum's attack.
The centaur warrior simulacrum completely misses you.
You claw the centaur warrior simulacrum!
You bite the centaur warrior simulacrum, but do no damage.
The centaur warrior simulacrum is moderately damaged.
The centaur warrior simulacrum barely misses you.
The centaur warrior simulacrum closely misses you.
You block the centaur warrior simulacrum's attack.
The centaur warrior simulacrum closely misses you.
Casting: Ensorcelled Hibernation (safe; 1% risk of failure)
Confirm with . or Enter, or press ? or * to list all spells.
Your paws begin to glow red.
The centaur warrior simulacrum closely misses you.
The centaur warrior simulacrum kicks you.
The centaur warrior simulacrum freezes you!
You resist.
You scratch the centaur warrior simulacrum but do no damage.
The centaur warrior simulacrum appears confused.
You bite the centaur warrior simulacrum.
The centaur warrior simulacrum is heavily damaged.
The centaur warrior simulacrum completely misses you.
The centaur warrior simulacrum kicks you.
The centaur warrior simulacrum freezes you!
You resist.
You completely miss the centaur warrior simulacrum.
The centaur warrior simulacrum is heavily damaged.
The centaur warrior simulacrum hits you!
* * * LOW HITPOINT WARNING * * *
The centaur warrior simulacrum freezes you!
You resist.
You die...
The centaur warrior simulacrum closely misses you.
You are now level 9!
You rejoin the land of the living...
Found 20 gold pieces.
Are you sure you want to abandon this character and quit the game? (Confirm with "yes".)

*,, , , ....#.....#..... ,
, , ,,..........H..... * ,
,, , ,,,.##{###<....... *
** * **#....[..####.
##############.## *,
##########....#...## ,
*>.........#.##.#.###. ,
.........#..*,*,#...**,∆
*,.......@.#..*,*.#.#.####
* .........##. ,*........#
* .........##. **#.......
* .........##.*,###.......
.........##.* .........
,......$..., * #....... *
.........# #......)
,.........# #....... **,,,
,, , #.......


There were no monsters in sight!

Vanquished Creatures
  Erolcha (D:9)
  Erica (D:8)
  A skeletal warrior (D:10)
  Pikel (D:5)
  A manticore (D:11)
  Maurice (D:10)
  A gargoyle (D:10)
  2 kobold demonologists (D:10)
  2 hornets (D:10)
  3 trolls
  Grinder (D:6)
  A shadow (D:9)
  3 wraiths
  2 wyverns
  8 yaks
  Eustachio (D:4)
  Menkaure (D:5)
  2 water moccasins
  An ice beast (D:7)
  5 orc warriors
  2 sky beasts
  A black bear (D:4)
  2 necrophages
  7 centaurs
  4 ogres
  2 lemures (D:6)
  2 kobold brigands (D:10)
  3 bullfrogs
  2 scorpions
  A wyvern skeleton (D:6)
  A wight (D:6)
  8 killer bees
  A howler monkey (D:7)
  8 centaur zombies
  A centaur skeleton (D:6)
  3 jellies
  A bullfrog skeleton (D:6)
  6 orc priests
  3 hounds
  Jessica (D:2)
  3 iguanas
  Natasha (D:2)
  14 orc wizards
  A howler monkey skeleton (D:6)
  3 adders
  A shadow imp (D:4)
  4 white imps
  2 ufetubi (D:7)
  2 worms (D:5)
  5 dart slugs
  43 orcs
  3 ball pythons
  An endoplasm (D:2)
  3 goblins (D:1)
  3 hobgoblins
  2 quokkas (D:1)
  A bat (D:2)
  5 frilled lizards
  6 kobolds
  5 rats
206 creatures vanquished.

Vanquished Creatures (collateral kills)
  2 two-headed ogres
  Joseph (D:8)
  Edmund (D:5)
  A centaur (D:11)
  3 wights (D:6)
  An orc (D:7)
9 creatures vanquished.

Vanquished Creatures (others)
  4 plants (D:3)
4 creatures vanquished.

Grand Total: 219 creatures vanquished

Notes
Turn   | Place    | Note
-------+----------+-------------------------------------------
     0 | D:1      | diana the Felid Enchanter began the quest for the Orb.
     0 | D:1      | Reached XP level 1. HP: 7/7 MP: 4/4
   641 | D:1      | Reached XP level 2. HP: 12/12 MP: 6/6
   960 | D:1      | Reached skill level 1 in Fighting
  1306 | D:2      | Noticed Natasha
  1590 | D:3      | Noticed a sky beast
  1786 | D:2      | Noticed a crimson imp
  2215 | D:2      | Reached XP level 3. HP: 10/15 MP: 7/7
  2228 | D:2      | Learned a level 3 spell: Confusing Touch
  2532 | D:2      | Noticed Jessica
  2534 | D:2      | Killed Jessica
  2535 | D:2      | Reached skill level 5 in Hexes
  2736 | D:2      | Killed Natasha
  2737 | D:2      | Reached XP level 4. HP: 10/19 MP: 4/8
  2968 | D:3      | Learned a level 2 spell: Ensorcelled Hibernation
  3578 | D:3      | Killed a sky beast
  3579 | D:3      | Reached skill level 5 in Stealth
  3579 | D:3      | Reached skill level 6 in Hexes
  3579 | D:3      | Reached XP level 5. HP: 22/22 MP: 6/9
  3676 | D:3      | Reached skill level 7 in Hexes
  3997 | D:3      | Gained mutation: You are covered in thick fur. (AC +2)
                  | [Felid growth]
  3997 | D:3      | Reached XP level 6. HP: 15/25 MP: 4/10
  4824 | D:3      | Learned a level 3 spell: Tukima's Dance
  5050 | D:4      | Reached skill level 8 in Hexes
  5159 | D:4      | Found a shimmering altar of Xom.
  5186 | D:4      | Reached XP level 7. HP: 24/28 MP: 5/11
  5750 | D:4      | Noticed Eustachio
  5757 | D:4      | Killed Eustachio
  5758 | D:4      | Reached skill level 9 in Hexes
  6105 | D:5      | Entered Level 5 of the Dungeon
  6106 | D:5      | Noticed Edmund
  6119 | D:5      | Noticed a two-headed ogre
  6124 | D:5      | Killed Edmund
  6447 | D:5      | Killed a two-headed ogre
  6448 | D:5      | Reached skill level 5 in Unarmed Combat
  6448 | D:5      | Reached skill level 11 in Hexes
  6448 | D:5      | Reached XP level 8. HP: 32/32 MP: 8/12
  7711 | D:4      | Learned a level 3 spell: Dazzling Flash
  7754 | D:5      | Reached skill level 12 in Hexes
  8018 | D:5      | Reached XP level 9. HP: 37/37 MP: 8/13
  8022 | D:5      | Gained mutation: Your body sometimes deteriorates upon
                  | taking damage. [potion of mutation]
  8022 | D:5      | Gained mutation: You possess an exceptional clarity of
                  | mind. [potion of mutation]
  8022 | D:5      | Gained mutation: You are partially covered in iridescent
                  | scales. (AC +2) [potion of mutation]
  8022 | D:5      | Slain by a killer bee
  8023 | D:5      | Reached XP level 8. HP: 0/34 MP: 3/12
  8193 | D:5      | Found a glowing golden altar of the Shining One.
  8236 | D:5      | Noticed Menkaure
  8245 | D:5      | Killed Menkaure
  8651 | D:6      | Noticed Pikel
  8713 | D:5      | Killed Pikel
  8714 | D:5      | Reached skill level 5 in Dodging
  8714 | D:5      | Reached skill level 13 in Hexes
  8841 | D:6      | Reached XP level 9. HP: 37/37 MP: 10/13
  8880 | D:6      | Reached skill level 10 in Stealth
  8943 | D:6      | Found a staircase to the Ecumenical Temple.
  8956 | Temple   | Entered the Ecumenical Temple
  9294 | Temple   | Became a worshipper of Ashenzari the Shackled
  9654 | D:6      | Reached skill level 14 in Hexes
  9719 | D:6      | Noticed Grinder
  9730 | D:6      | Killed Grinder
  9823 | D:6      | Found a stormy altar of Qazlal.
  9885 | D:6      | Reached * piety under Ashenzari
  9885 | D:6      | Reached ** piety under Ashenzari
  9961 | D:6      | Found Fetas's Magic Scroll Emporium.
 10349 | D:7      | Lost mutation: You are partially covered in iridescent
                  | scales. (AC +2) [potion of mutation]
 10349 | D:7      | Lost mutation: You possess an exceptional clarity of mind.
                  | [potion of mutation]
 10349 | D:7      | Lost mutation: Your body sometimes deteriorates upon taking
                  | damage. [potion of mutation]
 10349 | D:7      | Gained mutation: Your magical capacity is low. (-10% MP)
                  | [potion of mutation]
 10349 | D:7      | Gained mutation: Your muscles are strong. (Str +2) [potion
                  | of mutation]
 11145 | D:7      | Reached *** piety under Ashenzari
 11145 | D:7      | Reached **** piety under Ashenzari
 11605 | D:8      | Noticed Joseph
 11730 | D:8      | Killed Joseph
 11731 | D:8      | Reached XP level 10. HP: 16/42 MP: 6/14
 11979 | D:8      | Identified the +7 war axe of Taec {elec, *Corrode Str+3
                  | Int+3}
 12183 | D:8      | Noticed Erica
 12190 | D:8      | Killed Erica
 12191 | D:8      | Reached skill level 15 in Hexes
 12666 | D:9      | Noticed Erolcha
 13168 | D:9      | Reached skill level 1 in Air Magic
 13742 | D:9      | Cast into level 2 of the Abyss (Erolcha)
 13771 | D:9      | Escaped the Abyss
 13776 | D:9      | Killed Erolcha
 13777 | D:9      | Reached skill level 16 in Hexes
 13959 | D:10     | Entered Level 10 of the Dungeon
 13976 | D:10     | Reached skill level 1 in Transmutations
 14046 | D:10     | Noticed a two-headed ogre
 14053 | D:10     | Learned a level 5 spell: Silence
 14073 | D:10     | Killed a two-headed ogre
 14074 | D:10     | Reached XP level 11. HP: 45/45 MP: 1/17
 14351 | D:10     | Noticed Maurice
 14355 | D:10     | Killed Maurice
 14406 | D:10     | Found a runed translucent gate.
 14406 | D:10     | Found a runed translucent gate.
 14406 | D:10     | Noticed a green ugly thing
 14407 | D:10     | Found a runed translucent gate.
 14407 | D:10     | Noticed a green ugly thing
 14408 | D:10     | Noticed Galthrax's ghost (journeyman TeCj)
 14413 | D:10     | Noticed an ogre mage
 14424 | D:10     | Identified the +9 spear of Exquisite Torment {pain, rF+ rN+
                  | Str+2}
 14429 | D:10     | Found a snail-covered altar of Cheibriados.
 14734 | D:10     | Reached skill level 5 in Spellcasting
 14871 | D:10     | Found a staircase to the Lair.
 14905 | D:10     | Noticed a sphinx
 15160 | D:11     | Noticed a white ugly thing
 15539 | D:11     | Noticed a boulder beetle
 15770 | D:11     | Reached ***** piety under Ashenzari
 15770 | D:11     | Reached ****** piety under Ashenzari
 15813 | D:11     | Noticed a skeletal warrior
 15829 | D:11     | Learned a level 5 spell: Yara's Violent Unravelling
 16094 | D:10     | Killed a skeletal warrior
 16095 | D:10     | Reached skill level 17 in Hexes
 16450 | D:11     | Killed from afar by a manticore
 16451 | D:11     | Reached XP level 10. HP: 0/44 MP: 19/20
 16468 | D:11     | Killed a manticore
 16473 | D:11     | Slain by a centaur warrior simulacrum
 16474 | D:11     | Reached XP level 9. HP: -5/40 MP: 11/19
 16474 | D:11     | Quit the game

Illustrated notes

Levels and vault maps discovered:
D:1:      scummos_arrival_checkerplants, layout_loops_corners
D:2:      layout_loops_ring, uniq_jessica, uniq_natasha
D:3:      wad_lake_hut, layout_basic
D:4:      layout_loops_ring, mainiacjoe_overflow_cross_hatched, corexii_shack,
          uniq_eustachio
D:5:      layout_layer_cave, nicolae_tso_swordbearing_angel, uniq_edmund,
          uniq_menkaure
D:6:      layout_loops_cross, amcnicky_altar_gilded,
          minmay_temple_entry_large_hall, serial_shops, shop,
          serial_park_tiny_1, minmay_misc_feat_rows, uniq_grinder, uniq_pikel
D:7:      layout_loops_corners
D:8:      layout_layer_cave, uniq_joseph, uniq_erica
D:9:      layout_cave_pods, kennysheep_nondescript, uniq_erolcha
D:10:     layout_loops_ring, cheibriados_altar_1, lair_entry_dummy,
          gammafunk_ghost_split, grunt_ministairs_2, uniq_maurice
D:11:     layout_basic, kb_rosetta
Temple:   eino_narrow_crystal_temple

Skill      XL: |  1  2  3  4  5  6  7  8  9 10 11 |
---------------+----------------------------------+-----
Fighting       | 1 3 |  3.0
Dodging        | 3 5 7 8 9 |  9.4
Hexes          | 5 6 7 8 11 13 14 16 17 | 17.2
Unarmed Combat | 2 3 5 6 |  6.7
Stealth        | 5 6 8 9 11 12 | 12.7
Spellcasting   | 3 4 5 |  5.2
Air Magic      | 1 2 |  2.4
Transmutations | 1 3 |  3.6

Action                   |  1- 3 |  4- 6 |  7- 9 | 10-12 || total
-------------------------+-------+-------+-------+-------++-------
Melee: Unarmed           |    80 |    84 |   222 |   175 ||   561
       Bite              |     5 |    11 |    28 |    24 ||    68
       Punch             |     1 |     4 |     9 |    11 ||    25
 Cast: Confusing Touch   |     1 |     8 |    16 |    18 ||    43
       Ensorcelled Hiber |       |    15 |    54 |    35 ||   104
       Tukima's Dance    |       |       |    15 |    19 ||    34
       Dazzling Flash    |       |       |     6 |    11 ||    17
Invok: Curse Item        |       |       |     2 |     1 ||     3
  Use: Potion            |     1 |       |     3 |       ||     4
 Stab: Sleeping          |    10 |    14 |    57 |    38 ||   119
       Confused          |     1 |     2 |    11 |    20 ||    34
       Invisible         |       |       |     3 |     9 ||    12
       Distracted        |       |       |       |     1 ||     1
Armor: Skin              |     3 |     1 |    11 |     8 ||    23
Dodge: Dodged            |    47 |    45 |   141 |   167 ||   400
Block: Other             |    13 |    17 |    35 |    38 ||   103
       Reflection        |     1 |       |     2 |     1 ||     4
